 Dungeon Crawl Stone Soup version 0.30.1-11-g7821555f0a (webtiles) character file.

Game seed: 16752904331518680699

525 comborobin the Cleaver (level 7, -1/58 HPs)
             Began as a Hill Orc Delver on Dec 24, 2023.
             Slain by Eustachio
             ... wielding a +0 falchion
              (3 damage)
             ... on level 4 of the Dungeon.
             The game lasted 00:03:23 (3374 turns).

comborobin the Cleaver (Hill Orc Delver)            Turns: 3374, Time: 00:03:24

Health: -1/58      AC:  7    Str: 17    XL:     7   Next: 23%
Magic:  7/7        EV:  9    Int: 10    God:
Gold:   134        SH:  0    Dex: 12    Spells: 6/6 levels left

rFire   . . .        a - +1 falchion (elec)
rCold   . . .        (no shield)
rNeg    . . .        m - +0 scale mail
rPois   .            (no helmet)
rElec   .            (no cloak)
rCorr   .            (no gloves)
SInv    .            l - +0 pair of boots
Will    .....        (no amulet)
Stlth   +            (no ring)
HPRegen 0.29/turn    (no ring)
MPRegen 0.10/turn

%: no passive effects
@: no status effects
A: no striking features
a: no special abilities


You were on level 4 of the Dungeon.
You visited 1 branch of the dungeon, and saw 5 of its levels.

You collected 134 gold pieces.

Inventory:

Hand Weapons
 a - a +1 falchion of electrocution (weapon)
 b - a +0 war axe
 h - a +0 hand axe
 o - a +1 heavy spear
 t - a +2 dagger of speed
Armour
 d - a +0 pair of boots
 l - a +0 pair of boots (worn)
 m - a +0 scale mail (worn)
 x - a +0 leather armour
Jewellery
 e - a ring of poison resistance
 i - a ring of ice
Wands
 g - a wand of digging (1)
Scrolls
 c - a scroll of fog
 f - 2 scrolls of magic mapping
 j - 5 scrolls of identify {unknown}
 n - 2 scrolls of vulnerability {unknown}
 q - a scroll of enchant armour {unknown}
 r - a scroll of torment {unknown}
 s - a scroll of butterflies {unknown}
 u - a scroll of amnesia {unknown}
 w - a scroll of noise {unknown}
 y - 3 scrolls of enchant weapon {unknown}
 B - a scroll of blinking {unknown}
Potions
 k - 5 potions of curing {unknown}
 p - a potion of mutation {unknown}
 v - a potion of cancellation {unknown}
 z - 2 potions of might {unknown}
 A - a potion of brilliance {unknown}


   Skills:
 + Level 3.9 Fighting
 + Level 9.8 Axes
 + Level 1.1 Armour
 - Level 1.5 Dodging
 - Level 4.1 Stealth


You had 6 spell levels left.
You didn't know any spells.
Your spell library was empty.

Dungeon Overview and Level Annotations

Branches:
Dungeon (6/15)
 Temple: D:4-7

Altars:

Shops:
D:3 (

Annotations:
D:4 Eustachio


Message History

Eustachio mumbles some strange words.
The ufetubus closely misses you. The ufetubus hits you.
The ufetubus hits you but does no damage.
The ufetubus hits you. x3; The river rat barely misses you.
You climb upwards.
The ufetubus disappears in a puff of smoke! x3
The river rat disappears in a puff of smoke! x2
There is a stone staircase leading down here.
Unknown command.
You hear the crackle of electricity.
a - a +1 falchion of electrocution (weapon)
Eustachio gestures wildly while chanting.
You closely miss Eustachio.
Eustachio is lightly wounded.
The bat hits you but does no damage. The river rat bites you.
Eustachio gestures wildly while chanting.
You hit Eustachio.
Eustachio is moderately wounded.
The bat disappears in a puff of smoke!
The bat hits you. Eustachio hits you but does no damage. The quokka bites you.
The river rat bites you. The rat barely misses you.
Unknown command.
You hit Eustachio.
Eustachio is moderately wounded.
The bat hits you but does no damage. Eustachio barely misses you.
The quokka barely misses you.
The river rat bites you but does no damage.
The river rat bites you. The rat bites you but does no damage.
Eustachio hits you with a +0 falchion!
* * * LOW HITPOINT WARNING * * *
The quokka closely misses you.
You barely miss Eustachio.
Eustachio is moderately wounded.
The bat closely misses you. The bat barely misses you. The river rat bites you!
* * * LOW HITPOINT WARNING * * *
The river rat bites you.
* * * LOW HITPOINT WARNING * * *
The rat bites you but does no damage. The quokka barely misses you.
Eustachio hits you with a +0 falchion.
You die...

# #.......# #...##8#.8.#8#.##''##
# #..<....# #...#####'######.##.#
# #.[.....# #....####.## ##))..#
# #.......# #.....##...# #......
# ####.#### #......##.## #.8..8.
## #.### ###.....### ##....#
.#####...######......### ######
#....^.......###@r.....#
##)###...#.#.###@r####.#
##...>.......#.rr....#.##########
....#.....#..>...b.#.............
##...........#.......#.##########
#.###..####.#.......#.#
#(..........#.........#
####...######.#...#.### #...#
#........# ## #...#####.....####
#.


You could see Eustachio, 2 river rats, a quokka (summoned), a bat (summoned) and
a rat (summoned).

Vanquished Creatures
  A black bear (D:4)
  An ogre (D:3)
  A scorpion (D:3)
  A hound (D:4)
  An orc priest (D:4)
  2 iguanas (D:4)
  An orc wizard (D:4)
  10 adders
  A river rat (D:4)
  2 worms
  11 orcs
  An endoplasm (D:2)
  3 goblins
  4 hobgoblins
  3 ball pythons
  3 bats (D:3)
  3 kobolds (D:3)
  4 rats
53 creatures vanquished.

Notes
Turn   | Place    | Note
-------+----------+-------------------------------------------
     0 | D:5      | comborobin the Hill Orc Delver began the quest for the Orb.
     0 | D:5      | Reached XP level 1. HP: 19/19 MP: 1/1
     1 | D:6      | Noticed a phantom
    39 | D:4      | Noticed a black bear
    92 | D:3      | Found Boxasaut's Weapon Boutique.
   164 | D:3      | Reached skill level 3 in Axes
   164 | D:3      | Reached XP level 2. HP: 17/26 MP: 2/2
   322 | D:3      | Reached skill level 4 in Axes
   354 | D:3      | Noticed an ogre
   373 | D:3      | Killed an ogre
   374 | D:3      | Reached skill level 6 in Axes
   374 | D:3      | Reached XP level 3. HP: 31/31 MP: 3/3
   374 | D:3      | Reached XP level 4. HP: 39/39 MP: 4/4
   464 | D:3      | Noticed a scorpion
   468 | D:3      | Reached XP level 5. HP: 45/45 MP: 5/5
   485 | D:3      | Reached skill level 7 in Axes
  1907 | D:4      | Reached skill level 8 in Axes
  1907 | D:4      | Reached XP level 6. HP: 49/51 MP: 6/6
  2209 | D:4      | Killed a black bear
  2210 | D:4      | Reached skill level 9 in Axes
  2379 | D:4      | Reached XP level 7. HP: 5/57 MP: 7/7
  3258 | D:4      | Reached skill level 1 in Armour
  3352 | D:5      | Noticed Eustachio
  3374 | D:4      | HP: 2/58 [river rat (3)]
  3374 | D:4      | Slain by Eustachio

Illustrated notes

Levels and vault maps discovered:
D:2:      layout_rooms, dreamdust_ecumenical_altar_angels_and_demons
D:3:      minmay_angry_zag, layout_loops_ring, serial_shops,
          nicolae_shop_rolling_square
D:4:      layout_loops_cross, columned_hall_lemuel, chequers_jeans, wad_orctagon
D:5:      layout_basic, temple_green, nicolae_ossuary_entry_catacombs,
          portal_sewer_entry_b, st_stairs_11, uniq_eustachio
D:6:      layout_rooms, nicolae_specific_store, amcnicky_mini_corridor_feature,
          minmay_gold_behind_fungi, uniq_duvessa, uniq_menkaure

Skill      XL: |  1  2  3  4  5  6  7 |
---------------+----------------------+-----
Axes           | 3 6 8 9 |  9.8
Armour         | 1 |  1.1
Fighting       | |  3.9
Dodging        | |  1.5
Stealth        | |  4.1

Action                     |  1- 3 |  4- 6 |  7- 9 || total
---------------------------+-------+-------+-------++-------
  Melee: Hand axe          |     9 |       |       ||     9
         Spear             |     6 |    29 |       ||    35
         Falchion          |       |   102 |    36 ||   138
         War axe           |       |       |    13 ||    13
  Evoke: Wand              |       |     2 |       ||     2
    Use: Scroll            |     2 |       |       ||     2
         Potion            |     1 |       |       ||     1
   Stab: Sleeping          |     1 |     1 |     1 ||     3
 Armour: Leather armour    |     8 |     3 |       ||    11
         Scale mail        |       |    53 |    35 ||    88
  Dodge: Dodged            |    11 |    80 |    40 ||   131
